 Seeded DCSS version 0.30.0-29-ga12c61a403 (webtiles) character file.

Game seed: 12761088383327235403 (custom seed)

68 RascalDebosk the Magician (level 4, -1/31 HPs)
             Began as a Djinni Conjurer on June 3, 2023.
             Shot with a sling bullet by a goblin (4 damage)
             ... led by Robin
             ... on level 2 of the Dungeon on June 4, 2023.
             The game lasted 00:12:56 (1244 turns).

RascalDebosk the Magician (Djinni Conjurer)         Turns: 1244, Time: 00:12:57

Health: -1/31      AC:  2    Str:  6    XL:     4   Next: 41%
Gold:   36         EV: 12    Int: 22    God:
                   SH:  0    Dex: 11

rFire   + + .        j - +0 scimitar
rCold   x . .        (no shield)
rNeg    . . .        a - +0 robe
rPois   ∞            (no helmet)
rElec   .            (no cloak)
rCorr   .            (no gloves)
SInv    .            (boots unavailable)
Will    .....        (no amulet)
Stlth   ++           (no ring)
HPRegen 0.25/turn    (no ring)
MPRegen 0.00/turn

%: infuse magic (-2 HP)
@: flying
A: sickness immunity, fire resistance 2, cold vulnerability 1, float, innate
caster, HP casting, extra vitality 1
a: no special abilities


You were on level 2 of the Dungeon.
You visited 1 branch of the dungeon, and saw 3 of its levels.

You collected 36 gold pieces.

Inventory:

Hand Weapons
 j - a +0 scimitar (weapon)
 s - a +0 dagger
Armour
 a - a +0 robe (worn)
Scrolls
 b - 2 scrolls of identify {unknown}
 e - a scroll of brand weapon {unknown}
 f - a scroll of vulnerability {unknown}
 h - a scroll of immolation {unknown}
 i - a scroll of acquirement {unknown}
Potions
 c - a potion of brilliance {unknown}
 d - a potion of mutation {unknown}
 g - a potion of lignification {unknown}


   Skills:
 - Level 2.1 Dodging
 - Level 1.5 Stealth
 + Level 4.4 Spellcasting


You knew the following spells:

 Your Spells              Type           Power      Damage    Failure   Level
a - Magic Dart            Conj           96%        1d7       1%          1
b - Searing Ray           Conj           48%        2d6       2%          2
c - Dazzling Flash        Conj/Hex       48%        N/A       5%          3
d - Fulminant Prism       Conj/Hex       12%        3d9       17%         4
e - Iskenderun's Mystic   Conj/Tloc      24%        2d7       17%         4
f - Slow                  Hex            96%        N/A       1%          1
Your spell library was empty.

Dungeon Overview and Level Annotations

Branches:
Dungeon (3/15)

Altars:


Innate Abilities, Weirdness & Mutations

You are immune to sickness and miasma.
You are immune to poison.
Your flesh is very heat resistant. (rF++)
You are vulnerable to cold. (rC-)
You float through the air rather than walking.
You learn spells naturally, not from books.
Your magical power is your life essence.
You have superior vitality. (+4 MHP)


Message History

Aim: a rat (100% to hit)
The magic dart hits the rat.
You kill the rat!
A sourceless malevolence fills the Dungeon...
You are sucked into a shaft and drop 1 floor!
The shaft crumbles and collapses.
Found a scroll labelled RUUTRA CICINOETA.
Found a stone staircase leading down.
i - a scroll labelled RUUTRA CICINOETA A kobold comes into view.
It is wielding a +0 short sword.
Found a robe.
The kobold shouts!
Casting: Magic Dart (safe; 1% risk of failure)
Confirm with . or Enter, or press ? or * to list all spells.
Aiming: Magic Dart (safe; 1% risk of failure)
Press: ? - help, Shift-Dir - straight line, f - kobold
Aim: a kobold, wielding a +0 short sword (100% to hit)
The magic dart hits the kobold.
You kill the kobold!
Found a scimitar.
Found a stone staircase leading up.
You see here a +0 scimitar.
j - a +0 scimitar (weapon)
There is a stone staircase leading up here.
You fly upwards.
There is a stone staircase leading down here.
Robin of the Strong Arm comes into view.
They are wielding a +0 mace.
Robin shouts!
Robin roars a battlecry!
A goblin comes into view. It is wielding a +0 dagger.
Casting: Magic Dart (safe; 1% risk of failure)
Confirm with . or Enter, or press ? or * to list all spells.
The spell is extremely dangerous to miscast (19% risk of failure)!
Continue anyway?
Aiming: Fulminant Prism (extremely dangerous; 19% risk of failure)
Press: ? - help, Dir - move target You conjure a prism of explosive energy!
The goblin shouts!
A fulminant prism comes into view.
You hear a shout!
Your fulminant prism crackles loudly.
Your fulminant prism explodes!
The blast of energy engulfs Robin!
Robin is severely wounded.
The blast of energy engulfs the goblin!
You kill the goblin!
The goblin drinks a potion.
The goblin seems to speed up.
You hear a shout!
Casting: Fulminant Prism (extremely dangerous; 19% risk of failure)
Confirm with . or Enter, or press ? or * to list all spells.
The spell is extremely dangerous to miscast (19% risk of failure)!
Continue anyway?
Aiming: Fulminant Prism (extremely dangerous; 19% risk of failure)
Press: ? - help, Dir - move target You conjure a prism of explosive energy!
A fulminant prism comes into view.
Robin says, "Duck!"
Robin roars a battlecry!
Your fulminant prism crackles loudly.
Robin throws the goblin at you!
Your fulminant prism explodes!
The blast of energy engulfs Robin!
You kill Robin!
You barely miss the goblin. The goblin hits you with a +0 club. x2
You closely miss the goblin. The goblin hits you with a +0 club. x2
* * * LOW HITPOINT WARNING * * *
You barely miss the goblin. The goblin closely misses you.
A goblin comes into view. It is wielding a +0 dagger. x2
The goblin completely misses you.
The goblin unwields a +0 dagger.
The goblin wields a +0 sling.
The goblin shoots a sling bullet.
The sling bullet closely misses you.
The goblin unwields a +0 dagger.
The goblin wields a +0 sling.
The goblin shoots a sling bullet.
The sling bullet barely misses you.
You miss the goblin. The goblin barely misses you.
The goblin hits you with a +0 club.
* * * LOW HITPOINT WARNING * * *
The goblin shoots a sling bullet.
The sling bullet barely misses you.
You hit the goblin.
The goblin is severely wounded.
The goblin closely misses you. The goblin hits you but does no damage.
The goblin shoots a sling bullet.
The sling bullet hits you.
* * * LOW HITPOINT WARNING * * *
The goblin barely misses you. The goblin attacks as you move away!
The goblin barely misses you.
A hobgoblin comes into view.
You barely miss the goblin.
The goblin is severely wounded.
The goblin no longer looks unusually strong.
The goblin closely misses you. The goblin hits you with a +0 club.
* * * LOW HITPOINT WARNING * * *
You hit the goblin.
You kill the goblin!
The goblin shoots a sling bullet.
The sling bullet closely misses you. The hobgoblin misses you.
You barely miss the hobgoblin. The hobgoblin misses you.
The goblin shoots a sling bullet.
The sling bullet closely misses you. The hobgoblin completely misses you.
The goblin shoots a sling bullet.
The sling bullet barely misses you.
You slash the hobgoblin!
You kill the hobgoblin!
The goblin shoots a sling bullet.
The sling bullet hits you.
You die...

## #.######<##.##.#### .#
#.................# .#
#.############.#### .# #.#
#..### .# #.# #....# .# #.#
#♣~♣.# .# ##.# #P.~.#
.#########..############~~~.#
#........#.#.g..@†......P~~.#
#............g.......###.P..#
#.........#..#######.# ######
#.........#..# #.#
#........##..# #.#
#.........#..# #.#
#......(..#).# #.#
...#......#gg# #g#
##...#....#.)#


You could see 2 goblins.

Vanquished Creatures
  Robin (D:2)
  2 adders (D:2)
  2 worms (D:2)
  A dart slug (D:1)
  2 endoplasms
  2 giant cockroaches (D:2)
  4 goblins
  4 hobgoblins (D:2)
  2 jackals (D:2)
  4 kobolds
  A ball python (D:1)
  2 bats
  3 frilled lizards
  4 rats
34 creatures vanquished.

Vanquished Creatures (others)
  2 fulminant prisms (D:2)
2 creatures vanquished.

Grand Total: 36 creatures vanquished

Notes
Turn   | Place    | Note
-------+----------+-------------------------------------------
     0 | D:1      | RascalDebosk the Djinni Conjurer began the quest for the
                  | Orb.
     0 | D:1      | RascalDebosk set off with the following spells memorised:
                  | Magic Dart, Searing Ray, Dazzling Flash, Fulminant Prism,
                  | Iskenderun's Mystic Blast.
     0 | D:1      | Reached XP level 1. HP: 15/15 MP: 0/0
   480 | D:1      | Reached XP level 2. HP: 20/21 MP: 0/0
   768 | D:2      | Reached XP level 3. HP: 16/25 MP: 0/0
   768 | D:2      | Learned a level 1 spell: Slow
   841 | D:2      | Reached skill level 4 in Spellcasting
  1037 | D:2      | Reached XP level 4. HP: 25/31 MP: 0/0
  1160 | D:2      | You are sucked into a shaft and drop 1 floor!
  1226 | D:2      | Noticed Robin
  1232 | D:2      | Killed Robin
  1239 | D:2      | HP: 1/31 [goblin/+0 club[Robin] (4)]
  1244 | D:2      | Shot with a sling bullet by a goblin

Illustrated notes

Levels and vault maps discovered:
D:1:      kennysheep_arrival_forest, layout_loops_ring, wad_floor_pattern_1
D:2:      layout_basic, serial_shops, nicolae_shop_behind_doors, serial_bayou,
          serial_bayou_shore_a, serial_bayou_lake_a, serial_bayou_crossing,
          serial_bayou_pond_e, uniq_robin
D:3:      layout_loops_ring, gammafunk_temple_overflow_statue, uniq_sigmund

Skill      XL: |  1  2  3 |
---------------+----------+-----
Spellcasting   | 4 |  4.4
Dodging        | |  2.1
Stealth        | |  1.5

Action                     |  1- 3 |  4- 6 || total
---------------------------+-------+-------++-------
  Melee: Dagger            |     1 |       ||     1
         Scimitar          |       |     9 ||     9
   Cast: Magic Dart        |    57 |    10 ||    67
         Dazzling Flash    |     1 |       ||     1
         Fulminant Prism   |       |     2 ||     2
 Armour: Robe              |     2 |     1 ||     3
  Dodge: Dodged            |     5 |    16 ||    21
